 Dungeon Crawl Stone Soup version 0.27-a0-1287-gca74d27db6 (webtiles) character file.

Game seed: 4660404746032408787

478 deletemesenpai the Chopper (level 7, -2/60 HPs)
             Began as a Hill Orc Fighter on June 15, 2021.
             Slain by Menkaure (4 damage)
             ... on level 4 of the Dungeon.
             The game lasted 00:10:13 (3463 turns).

deletemesenpai the Chopper (Hill Orc Fighter)       Turns: 3463, Time: 00:10:20

Health: -2/60      AC: 15    Str: 27    XL:     7   Next: 11%
Magic:  7/7        EV:  6    Int:  8    God:
Gold:   241        SH: 11    Dex: 10    Spells: 6/6 levels left

rFire    . . .     SeeInvis .   a - +0 war axe
rCold    . . .     Faith    .   c - +0 kite shield
rNeg     . . .     Spirit   .   i - +0 chain mail
rPois    .         Reflect  .   e - +1 helmet
rElec    .         Harm     .   (no cloak)
rCorr    .         Rampage  .   k - +2 pair of gloves
Will     .....                  (no boots)
Stlth    ..........             (no amulet)
HPRegen  0.20/turn              t - +6 ring of strength
MPRegen  0.10/turn              (no ring)

@: hasted, very quick
A: no striking features
a: no special abilities


You were on level 4 of the Dungeon.
You visited 1 branch of the dungeon, and saw 4 of its levels.
You also visited: Sewer.

You collected 241 gold pieces.

Inventory:

Hand Weapons
 a - a +0 war axe (weapon)
Missiles
 s - 4 boomerangs (quivered)
Armour
 b - a +0 troll leather armour {Purgy}
 c - a +0 kite shield (worn)
 e - a +1 helmet (worn)
 i - a +0 chain mail (worn)
 k - a +2 pair of gloves (worn)
Jewellery
 p - an amulet of faith
 t - a +6 ring of strength (left hand)
Wands
 r - a wand of digging (5)
 u - a wand of flame (15)
Scrolls
 f - a scroll of immolation
 g - 2 scrolls of noise {unknown}
 j - a scroll of identify {unknown}
 m - 2 scrolls of teleportation {unknown}
 n - a scroll of summoning {unknown}
 o - 2 scrolls of enchant weapon {unknown}
 q - a scroll of fear {unknown}
Potions
 d - a potion of might
 h - a potion of haste
 l - a potion of attraction {unknown}


   Skills:
 + Level 4.7 Fighting
 + Level 6.1 Axes
 + Level 4.6 Armour
 * Level 5.8 Shields


You had 6 spell levels left.
You didn't know any spells.
Your spell library contained the following spells:

 Spells                   Type           Power      Damage    Failure   Level
 Freeze                   Ice            0%         1d3       100%        1
 Frozen Ramparts          Ice            0%         1d2       100%        3
 Ozocubu's Armour         Ice            0%         N/A       100%        3
 Hailstorm                Conj/Ice       0%         3d3       100%        4
 Metabolic Englaciation   Hex/Ice        0%         N/A       100%        5


Dungeon Overview and Level Annotations

Branches:
Dungeon (4/15)              Sewer (visited)
 Temple: D:4-7

Altars:
Hepliaklqana
Uskayaw

Annotations:
D:4 Menkaure


Message History

Menkaure breathes soot at you. You block Menkaure's attack.
Found a robe.
You slash Menkaure!
Menkaure is heavily damaged.
Menkaure casts a spell.
Menkaure seems to speed up.
You hit Menkaure.
Menkaure is severely damaged.
You block Menkaure's attack.
Menkaure sighs drily.
Menkaure casts a spell at you. Pain shoots through your body!
You hit Menkaure but do no damage.
Menkaure is severely damaged.
You hit the ball python. The ball python barely misses you.
The ball python grabs you. The ball python constricts you. Menkaure hits you!!
You block the ball python's attack. The ball python constricts you.
You hit Menkaure.
Menkaure is almost destroyed.
You slash the ball python!
You kill the ball python!
Menkaure barely misses you. Menkaure hits you!
You hit Menkaure but do no damage.
Menkaure is almost destroyed.
You block Menkaure's attack.
Menkaure points at you and mumbles some strange words.
Pain shoots through your body!
* * * LOW HITPOINT WARNING * * *
You hit Menkaure.
Menkaure is almost destroyed.
Menkaure hits you.
* * * LOW HITPOINT WARNING * * *
It was a potion of haste.
You feel yourself speed up. Menkaure breathes soot at you.
Menkaure points at you and mumbles some strange words.
Pain shoots through your body!
* * * LOW HITPOINT WARNING * * *
Menkaure hits you.
You die...

#.# #..[... #.#
#...... #.#
#..(..# #.#
#.....# #.#
#.....# #.#
#.....# #.######
+...†.# #..<....
#...@M# ###.###.
####'## #.# #. #.#
#.# #. #.# #.# #.
#.# #.# #. #†# #.#
#.
#.###########.###.
#.................
#############.....


You could see Menkaure (fast).

Vanquished Creatures
  Purgy (Sewer)
  A black bear (D:4)
  An ogre (D:4)
  A bullfrog skeleton (D:4)
  A gnoll shaman (D:4)
  3 gnolls (D:4)
  6 adders
  A river rat (D:4)
  3 worms
  3 orcs (D:4)
  6 ball pythons
  3 bats
  3 endoplasms
  2 giant cockroaches
  A goblin (D:1)
  5 hobgoblins
  6 kobolds
  2 quokkas
  4 frilled lizards
  5 rats
58 creatures vanquished.

Notes
Turn   | Place    | Note
-------+----------+-------------------------------------------
     0 | D:1      | deletemesenpai the Hill Orc Fighter began the quest for the
                  | Orb.
     0 | D:1      | Reached XP level 1. HP: 19/19 MP: 1/1
   329 | D:1      | Reached XP level 2. HP: 27/27 MP: 2/2
   503 | D:1      | Found a faded altar of an unknown god.
   947 | D:1      | Reached skill level 3 in Axes
  1453 | D:2      | Reached XP level 3. HP: 18/33 MP: 3/3
  2164 | D:3      | Found a hazy altar of Hepliaklqana.
  2355 | D:3      | Found a hide-covered altar of Uskayaw.
  2546 | D:4      | Noticed a black bear
  2554 | D:4      | Reached XP level 4. HP: 40/40 MP: 4/4
  2562 | D:4      | Reached skill level 4 in Axes
  2573 | D:4      | Killed a black bear
  2574 | D:4      | Reached skill level 5 in Axes
  2574 | D:4      | Reached XP level 5. HP: 18/47 MP: 5/5
  2601 | D:4      | Reached XP level 6. HP: 15/53 MP: 6/6
  2657 | D:4      | Found a glowing drain.
  2664 | Sewer    | Entered a sewer
  2892 | Sewer    | Noticed Purgy
  2912 | Sewer    | Killed Purgy
  2913 | Sewer    | Reached skill level 5 in Shields
  3238 | D:4      | Reached skill level 6 in Axes
  3238 | D:4      | Reached XP level 7. HP: 45/60 MP: 7/7
  3454 | D:4      | Noticed Menkaure
  3463 | D:4      | HP: 2/60 [Menkaure/nerve-wracking pain (7)]
  3463 | D:4      | Slain by Menkaure

Illustrated notes

Levels and vault maps discovered:
D:1:      minmay_arrival_doors, layout_basic, hellmonk_ecumenical_altar_blasted,
          minmay_misc_feat_tiny
D:2:      layout_basic
D:3:      layout_rooms, worldfamousw_hep_ancestral_shrine, lemuel_tele_altar
D:4:      layout_basic, lightli_sewer_entry_pipes, uniq_menkaure

Skill      XL: |  1  2  3  4  5  6 |
---------------+-------------------+-----
Axes           | 3 5 6 |  6.1
Shields        | 4 5 |  5.8
Fighting       | 4 |  4.7
Armour         | 4 |  4.6

Action                   |  1- 3 |  4- 6 |  7- 9 || total
-------------------------+-------+-------+-------++-------
Melee: War axe           |   107 |   136 |     7 ||   250
Throw: Boomerang         |       |     3 |       ||     3
  Use: Potion            |     1 |     2 |     1 ||     4
Armor: Scale mail        |    33 |       |       ||    33
       Chain mail        |    39 |   116 |       ||   155
Dodge: Dodged            |    37 |    47 |     3 ||    87
Block: Kite shield       |    57 |    98 |     4 ||   159

Table legend: (Time is in decaauts)
 A = Elapsed time spent in this place.
 B = Non-inter-level travel time spent in this place.
 C = Inter-level travel time spent in this place.
 D = Time resting spent in this place.
 E = Time spent auto-exploring this place.
 F = Levels seen in this place.
 G = Mean time per level.
                   A        B        C        D        E       F      G
               +--------+--------+--------+--------+--------+-----+--------+
         Total |   3635 |   3553 |     82 |    563 |   1826 |   5 |  727.0 |
       Dungeon |   3213 |   3131 |     82 |    367 |   1826 |   4 |  803.2 |
         Sewer |    422 |    422 |      0 |    196 |      0 |   1 |  422.0 |
               +--------+--------+--------+--------+--------+-----+--------+

Top non-repeatable levels by time:
     D:1: 1398 daAuts
     D:4: 737 daAuts
     D:2: 582 daAuts
     D:3: 494 daAuts
   Sewer: 422 daAuts
